Map: [ESL] Moondance

Players

ShoWTimE - Winner!

  • Race: Protoss Protoss
  • Spawn Location: 12:00

ByuN

  • Race: Terran Terran
  • Spawn Location: 6:00

VOD

Have the link to the VOD?

Description

Time

  • Played on: Nov. 4, 2022, 9:17 a.m.
  • Length: 12:26
Show
View Real Time Build Order
Export as new Build Order

ShoWTimE Protoss - Winner!

Build Orders: 1 Gate Expand, Oracle Opening, Colossus Rush 

Get SALT Encoding   

  12  0:00  Probe  
  13  0:12  Probe  
  14  0:17  Pylon  
  14  0:24  Probe  
  15  0:36  Gateway, Probe (Chrono Boost)  
  16  0:46  Probe (Chrono Boost), Assimilator  
  17  0:51  Probe (Chrono Boost)  
  18  1:03  Probe  
  19  1:15  Probe  
  20  1:22  Nexus  
  20  1:31  Cybernetics Core  
  20  1:35  Probe  
  21  1:40  Assimilator  
  22  1:47  Probe  
  22  1:50  Pylon  
  22  1:59  Probe  
  23  2:05  Adept (Chrono Boost)  
  25  2:11  Probe  
  26  2:16  Stargate  
  26  2:23  Probe (Chrono Boost)  
  26  2:25  Adept (Chrono Boost)  
  29  2:34  Probe (Chrono Boost)  
  31  2:37  Warp Gate  
  31  2:41  Probe (Chrono Boost)  
  31  2:43  Probe (Chrono Boost)  
  32  2:47  Adept  
  32  2:48  Probe x2 (Chrono Boost)  
  36  2:59  Probe  
  36  3:00  Probe  
  36  3:02  Oracle (Chrono Boost)  
  41  3:07  Pylon  
  41  3:11  Probe  
  43  3:12  Probe  
  43  3:19  Adept  
  45  3:23  Probe  
  45  3:25  Probe  
  47  3:28  Gateway  
  47  3:31  Pylon  
  47  3:36  Probe  
  47  3:37  Probe  
  51  3:46  Assimilator  
  51  3:48  Probe, Assimilator  
  52  3:49  Probe  
  53  4:00  Probe  
  53  4:01  Probe  
  53  4:03  Robotics Facility  
  53  4:12  Probe, Pylon  
  53  4:13  Probe  
  53  4:15  Nexus  
  55  4:19  Shield Battery  
  55  4:24  Probe  
  55  4:25  Sentry x2, Probe  
  61  4:31  Pylon  
  61  4:36  Probe  
  61  4:37  Probe  
  63  4:45  Pylon  
  63  4:48  Immortal (Chrono Boost), Probe  
  63  4:49  Probe  
  63  4:52  Sentry x2  
  73  4:56  Pylon  
  73  5:00  Probe  
  73  5:02  Robotics Bay, Forge  
  73  5:03  Probe  
  75  5:11  Phoenix (Chrono Boost)  
  75  5:12  Probe  
  78  5:15  Probe  
  78  5:17  Pylon  
  79  5:22  Observer  
  79  5:24  Probe  
  79  5:27  Probe x2, Pylon  
  83  5:29  Assimilator  
  83  5:33  Phoenix (Chrono Boost)  
  85  5:37  Probe  
  85  5:39  Probe  
  85  5:41  Probe  
  80  5:45  Colossus (Chrono Boost)  
  80  5:49  Probe  
  87  5:55  Protoss Ground Weapons Level 1 (Chrono Boost)  
  89  6:01  Gateway  
  89  6:02  Gateway  
  89  6:05  Gateway x2  
  89  6:10  Twilight Council  
  89  6:13  Phoenix (Chrono Boost)  
  89  6:28  Colossus (Chrono Boost)  
  89  6:29  Photon Cannon  
  89  6:31  Shield Battery, Zealot x2  
  99  6:36  Photon Cannon  
  99  6:37  Phoenix (Chrono Boost)  
  101  6:42  Extended Thermal Lance  
  101  6:53  Phoenix (Chrono Boost)  
  103  7:02  Pylon  
  103  7:06  Nexus  
  103  7:09  Pylon  
  103  7:10  Phoenix (Chrono Boost), Probe  
  106  7:17  Colossus (Chrono Boost)  
  106  7:18  Charge (Chrono Boost)  
  112  7:22  Pylon  
  112  7:23  Probe x3  
  112  7:26  Observer  
  112  7:28  Phoenix (Chrono Boost)  
  115  7:33  Photon Cannon  
  115  7:34  Photon Cannon  
  115  7:35  Probe x2  
  115  7:36  Shield Battery  
  119  7:37  Probe  
  119  7:38  Photon Cannon  
  119  7:42  Zealot x2  
  119  7:43  Protoss Air Weapons Level 1  
  124  7:47  Probe  
  124  7:50  Phoenix (Chrono Boost)  
  124  7:51  Stargate  
  125  7:57  Phoenix (Chrono Boost)  
  127  7:59  Probe x2  
  127  8:00  Probe  
  127  8:01  Protoss Ground Weapons Level 2 (Chrono Boost)  
  130  8:06  Forge  
  130  8:07  Phoenix, Zealot  
  130  8:11  Probe  
  135  8:16  Warp Prism (Chrono Boost)  
  137  8:23  Zealot x3  
  143  8:32  Phoenix  
  143  8:33  Zealot x3  
  151  8:36  Phoenix  
  153  8:45  Zealot x3  
  159  8:49  Immortal  
  164  9:00  Pylon  
  164  9:02  Phoenix, Pylon  
  163  9:04  Pylon  
  163  9:06  Gateway  
  163  9:07  Protoss Ground Armor Level 1 (Chrono Boost)  
  163  9:08  Gateway  
  163  9:12  Gateway  
  163  9:17  Phoenix  
  163  9:21  Pylon  
  163  9:23  Pylon  
  163  9:26  Pylon  
  163  9:29  Immortal  
  167  9:36  Zealot x6  
  179  9:39  Pylon  
  179  9:43  Pylon  
  179  9:47  Phoenix (Chrono Boost)  
  179  9:56  Phoenix (Chrono Boost)  
  169  10:01  Zealot x5  
  179  10:08  Phoenix (Chrono Boost)  
  179  10:09  Zealot x3  
  187  10:15  Phoenix (Chrono Boost)  
  185  10:24  Nexus  
  185  10:25  Zealot x5  
  185  10:26  Disruptor (Chrono Boost), Pylon  
  185  10:33  Robotics Facility  
  166  10:46  Zealot x7  
  166  10:49  Probe  
  176  10:50  Probe x2  
  163  10:58  Disruptor (Chrono Boost)  
  163  11:01  Zealot  
  168  11:06  Zealot x3  
  168  11:07  Zealot x3  
  170  11:30  Disruptor (Chrono Boost)  
  170  11:31  Zealot x5, Immortal (Chrono Boost)  
  170  11:32  Zealot  
  189  11:41  Zealot  
  189  11:42  Zealot  
  193  11:52  Zealot x3  
Show
View Real Time Build Order
Export as new Build Order

ByuN Terran 

Build Orders:  

Get SALT Encoding   

  12  0:00  SCV  
  13  0:12  SCV  
  14  0:17  Supply Depot  
  14  0:24  SCV  
  15  0:39  SCV  
  15  0:41  Barracks  
  16  0:43  Refinery  
  16  0:51  SCV  
  17  1:03  SCV  
  18  1:15  SCV  
  19  1:27  Marine  
  19  1:28  Orbital Command  
  20  1:46  Barracks Reactor  
  20  1:47  Command Center  
  20  1:52  Supply Depot  
  20  1:54  SCV  
  21  2:05  Barracks  
  21  2:06  SCV  
  22  2:15  Engineering Bay  
  22  2:19  SCV  
  22  2:22  Marine x2  
  25  2:31  SCV  
  26  2:39  Marine x2  
  26  2:40  Terran Infantry Weapons Level 1  
  26  2:43  SCV  
  29  2:53  Barracks Tech Lab  
  29  2:55  SCV  
  29  2:57  Marine  
  31  2:58  Marine  
  31  3:00  Barracks  
  31  3:02  Orbital Command  
  32  3:07  SCV  
  32  3:12  Stimpack, Marine  
  34  3:18  Marine  
  34  3:19  SCV  
  36  3:20  Marine  
  37  3:29  SCV  
  37  3:31  SCV, Marine  
  37  3:32  Supply Depot  
  40  3:36  Marine  
  40  3:38  Marine  
  42  3:41  SCV  
  42  3:43  Supply Depot  
  42  3:45  SCV  
  42  3:47  Marine  
  45  3:52  Marine  
  45  3:54  SCV, Marine  
  48  3:57  SCV  
  48  3:58  Marine  
  48  3:59  Missile Turret  
  50  4:06  SCV, Missile Turret  
  50  4:09  SCV  
  52  4:11  Supply Depot  
  52  4:17  Marine x3  
  52  4:18  SCV  
  52  4:19  Marine  
  52  4:21  SCV  
  52  4:22  Refinery  
  58  4:24  Factory  
  59  4:33  Supply Depot  
  59  4:35  Marine x3  
  59  4:37  SCV x2  
  63  4:41  Refinery  
  62  4:49  SCV x2, Terran Infantry Armor Level 1  
  64  4:55  Barracks Tech Lab  
  63  5:01  SCV x2  
  63  5:06  Marine x3  
  68  5:07  Refinery  
  68  5:09  Starport  
  68  5:13  SCV x2  
  69  5:17  Factory Reactor  
  69  5:19  Marine  
  70  5:24  Marine x3  
  70  5:25  SCV x2  
  70  5:26  Supply Depot  
  75  5:41  SCV, Marauder  
  69  5:43  Marine x2  
  69  5:45  Concussive Shells, Combat Shield, Marauder  
  73  5:51  SCV  
  73  5:53  SCV  
  75  6:01  Marine  
  75  6:02  Command Center, Marauder, Marine  
  75  6:03  Medivac x2  
  83  6:06  Marauder  
  83  6:09  Barracks x2  
  85  6:13  SCV x2  
  85  6:15  Factory Tech Lab  
  85  6:16  Supply Depot  
  87  6:20  Marine  
  87  6:22  Marine  
  87  6:23  Marauder  
  91  6:27  SCV, Marauder  
  94  6:35  Supply Depot  
  94  6:36  Supply Depot  
  94  6:37  SCV  
  94  6:38  Medivac, Siege Tank  
  100  6:40  Medivac  
  102  6:56  Marine x2  
  102  6:57  Supply Depot, SCV x2, Marauder x2  
  106  7:09  Barracks Reactor, SCV x2, Barracks Tech Lab  
  106  7:14  Marine  
  109  7:18  Marauder x2  
  109  7:21  Siege Tank  
  116  7:24  Ghost Academy  
  116  7:30  SCV x2, Missile Turret  
  116  7:32  Supply Depot  
  116  7:35  Orbital Command  
  118  7:41  Marauder x2  
  122  7:44  SCV  
  122  7:45  SCV  
  122  7:46  Marine x2  
  122  7:48  Medivac  
  122  7:49  Marine x2  
  130  7:55  Refinery x2  
  130  7:56  SCV  
  131  7:59  Siege Tank  
  131  8:01  Ghost  
  131  8:05  SCV x2  
  137  8:08  SCV  
  137  8:09  Ghost  
  137  8:12  Ghost  
  142  8:17  Marine x3  
  142  8:18  Marine  
  146  8:23  Supply Depot, SCV x3  
  146  8:24  Supply Depot  
  146  8:25  Supply Depot  
  148  8:36  SCV x2  
  149  8:44  Ghost  
  149  8:45  Marauder x2, Marine  
  157  8:51  Siege Tank  
  159  8:56  Command Center  
  159  9:00  Marine x3  
  162  9:03  Supply Depot, Marine  
  162  9:04  Supply Depot  
  162  9:06  Ghost  
  162  9:07  Marauder  
  167  9:13  Ghost  
  166  9:27  Ghost  
  168  9:35  Marauder  
  170  9:42  Marauder, Marine x3  
  172  9:49  Marine  
  157  9:56  Ghost  
  157  9:57  Marauder  
  148  10:00  Marine x3  
  148  10:02  SCV x2  
  148  10:03  SCV, Ghost  
  153  10:07  Medivac  
  155  10:14  Orbital Command  
  155  10:17  SCV x2, Ghost  
  155  10:18  SCV  
  144  10:22  Marine x2  
  144  10:23  Marine x2  
  144  10:24  Ghost  
  144  10:29  SCV x2  
  144  10:32  Marine  
  144  10:33  SCV  
  90  10:35  Medivac  
  144  10:37  Medivac  
  144  10:40  Marine  
  144  10:41  SCV  
  135  10:44  Marine x3  
  135  10:46  Marauder  
  135  10:47  SCV x2  
  137  10:50  Marauder  
  137  10:53  Marine  
  137  10:54  SCV  
  137  10:58  Marine  
  137  10:59  SCV  
  139  11:05  Medivac  
  139  11:07  Medivac  
  143  11:11  SCV x2  
  143  11:12  SCV  
  143  11:18  Marauder x3  
  152  11:19  Marine x2  
  152  11:20  Marine x2  
  156  11:35  Medivac  
  156  11:37  Marine x2  
  156  11:38  Marine x2, Ghost  
  156  11:39  Marauder x2  
  163  11:53  Engineering Bay, Armory  
  160  11:55  Marine x2  
  160  11:56  Marine x2  
  160  12:01  Marauder x2  
Tags
 
Add a new tag
Caveats
  • Supply blocks, unpowered buildings, or Contaminate may cause inaccurate times.
  • Supply counts are checked every 10 seconds.